 Dungeon Crawl Stone Soup version 0.30-a0-711-gf4ac18a38d (webtiles) character file.

Game seed: 6614097998646474360

74 voltaire321 the Stinger (level 4, -5/32 HPs)
             Began as a Merfolk Venom Mage on Jan 22, 2023.
             Slain by Sigmund
             ... wielding a +0 scythe
              (9 damage)
             ... on level 2 of the Dungeon.
             The game lasted 00:06:16 (1861 turns).

voltaire321 the Stinger (Merfolk Venom Mage)        Turns: 1861, Time: 00:06:17

Health: -5/32      AC:  7    Str:  8    XL:     4   Next: 28%
Magic:  6/7        EV: 11    Int: 16    God:
Gold:   87         SH:  0    Dex: 14    Spells: 5/8 levels left

rFire   + + .      SeeInvis .    c - +0 dagger
rCold   + . .      Faith    .    (no shield)
rNeg    . . .      Spirit   .    m - +2 ring mail {rF+}
rPois   +          Reflect  .    (no helmet)
rElec   +          Harm     .    (no cloak)
rCorr   +          Rampage  .    (no gloves)
Will    .....                    (no boots) Stlth
                                 (no amulet)
HPRegen 0.25/turn                (no ring)
MPRegen 0.10/turn                (no ring)

@: confused, resistant
A: (nimble swimmer 2), mertail
a: no special abilities


You were on level 2 of the Dungeon.
You visited 1 branch of the dungeon, and saw 2 of its levels.

You collected 87 gold pieces.

Inventory:

Hand Weapons
 c - a +0 dagger (weapon)
Armour
 m - a +2 ring mail of fire resistance (worn)
Jewellery
 s - a +6 ring of strength
Wands
 r - a wand of charming (10)
Scrolls
 a - a scroll of brand weapon {unknown}
 d - 8 scrolls of identify {unknown}
 g - 2 scrolls of teleportation {unknown}
 i - 2 scrolls of immolation {unknown}
 l - a scroll of silence {unknown}
 n - a scroll of blinking {unknown}
Potions
 b - a potion of magic
 e - a potion of ambrosia {unknown}
 f - 2 potions of resistance
 h - a potion of mutation {unknown}
 j - a potion of degeneration {unknown}
 k - a potion of might {unknown}
 o - a potion of heal wounds
 p - a potion of curing {unknown}
 q - a potion of haste {unknown}


   Skills:
 + Level 1.5 Fighting
 + Level 0.3 Armour
 + Level 3.5 Dodging
 - Level 2.1 Stealth
 + Level 2.5 Spellcasting
 + Level 2.5 Transmutations
 + Level 3.7 Poison Magic


You had 5 spell levels left.
You knew the following spells:

 Your Spells              Type           Power      Damage    Failure   Level
a - Sting                 Tmut/Pois      48%        1d5       17%         1
b - Poisonous Vapours     Pois/Air       16%        N/A       38%         2

Your spell library contained the following spells:

 Spells                   Type           Power      Damage    Failure   Level
 Shock                    Conj/Air       8%         1d3       52%         1
 Mephitic Cloud           Conj/Pois/Air  6%         N/A       73%         3
 Olgreb's Toxic Radiance  Pois           14%        N/A       78%         4


Dungeon Overview and Level Annotations

Branches:
Dungeon (2/15)

Altars:

Annotations:
D:2 Sigmund


Innate Abilities, Weirdness & Mutations

((You are very nimble when in or above water. (Stealth+, EV+, Speed+++)))
Your lower body shifts to a powerful aquatic tail in water.


Message History

Sigmund is severely wounded.
You feel less confused. Sigmund hits you with a +0 scythe.
You hit Sigmund.
Sigmund is severely wounded.
Sigmund closely misses you.
It was a potion of resistance.
You feel protected.
Aiming: Sting (safe; 17% risk of failure)
Press: ? - help, Q - select action, (/) - cycle Shift-Dir - straight line, f/p - Sigmund
Aim: Sigmund, wielding a +0 scythe and wearing a +0 robe (almost dead, poisoned, 68% to hit)
You miscast Sting.
You are very lightly contaminated with residual magic.
Nothing appears to happen.
Sigmund points at you and mumbles some strange words.
You are confused.
You bump into the rock wall.
Sigmund drinks a potion.
Sigmund is healed!
You hit Sigmund.
Sigmund is lightly wounded.
Sigmund looks more healthy.
Sigmund gestures at you while chanting. You resist with some effort.
You hit Sigmund.
Sigmund is lightly wounded.
Sigmund closely misses you.
You bump into the rock wall.
Sigmund completely misses you.
You bump into the rock wall.
Sigmund gestures at you while chanting.
You are more confused.
Your magical contamination has completely faded away.
You're too confused to move!
Sigmund hits you from afar with a +0 scythe.
You bump into the rock wall.
Sigmund mumbles some strange words.
Sigmund flickers and vanishes!
Deactivating autopickup; reactivate with Ctrl-A.
You bump into the rock wall.
Something hits you!
* * * LOW HITPOINT WARNING * * *
You're too confused to move!
Something hits you!
You die...

#########.......##...###..
#.8#####8.##....#..
#.##...##.##....#..
#.#.8.8.#.##....#..
#.'..<.)#.).)...#..
#.#.8.8.#.#.....#)#
#.##...##.##......@
#.8#####8.#####'###
##@{.....## #....
######### #.### #...# #)#
#...# #.# #...# #.###
#...# ###....
#...######...###
#..........###..
#..........'...#


There were no monsters in sight!

Vanquished Creatures
  Jessica (D:2)
  4 dart slugs
  A ball python (D:2)
  A bat (D:1)
  4 endoplasms
  2 giant cockroaches (D:2)
  9 goblins
  3 hobgoblins (D:2)
  3 kobolds
  2 quokkas
  2 frilled lizards (D:2)
  4 rats
36 creatures vanquished.

Notes
Turn   | Place    | Note
-------+----------+-------------------------------------------
     0 | D:1      | voltaire321 the Merfolk Venom Mage began the quest for the
                  | Orb.
     0 | D:1      | Reached XP level 1. HP: 13/13 MP: 3/3
   158 | D:1      | Reached XP level 2. HP: 20/20 MP: 3/5
   401 | D:1      | Found a faded altar of an unknown god.
   410 | D:1      | Got Plato's Almanac of Lightning
   613 | D:2      | Learned a level 2 spell: Poisonous Vapours
   683 | D:2      | Reached skill level 1 in Fighting
   711 | D:2      | Reached XP level 3. HP: 26/26 MP: 3/6
   939 | D:2      | Noticed Sigmund
  1567 | D:2      | Noticed Jessica
  1577 | D:2      | Killed Jessica
  1578 | D:2      | Reached XP level 4. HP: 27/32 MP: 3/7
  1861 | D:2      | Slain by Sigmund

Illustrated notes

Levels and vault maps discovered:
D:1:      evilmike_arrival_hilbert_curve, layout_rooms,
          shapermc_ecumenical_altar_rom_forum, minmay_misc_feat_plants
D:2:      layout_basic, grunt_ministairs_11, minmay_goblin_outpost,
          uniq_sigmund, uniq_jessica

Skill      XL: |  1  2 |
---------------+-------+-----
Dodging        | 3 |  3.5
Transmutations | 2 |  2.5
Fighting       | 1 |  1.5
Armour         | |  0.3
Stealth        | |  2.1
Spellcasting   | |  2.5
Poison Magic   | |  3.7

Action                     |  1- 3 |  4- 6 || total
---------------------------+-------+-------++-------
  Melee: Dagger            |    68 |    11 ||    79
         Punch             |     1 |       ||     1
   Cast: Sting             |    49 |     2 ||    51
    Use: Potion            |       |     1 ||     1
 Armour: Robe              |     1 |       ||     1
         Ring mail         |    24 |       ||    24
  Dodge: Dodged            |    42 |     5 ||    47

Table legend: (Time is in decaauts)
 A = Elapsed time spent in this place.
 B = Non-inter-level travel time spent in this place.
 C = Inter-level travel time spent in this place.
 D = Time resting spent in this place.
 E = Time spent auto-exploring this place.
 F = Levels seen in this place.
 G = Mean time per level.
                   A        B        C        D        E       F      G
               +--------+--------+--------+--------+--------+-----+--------+
         Total |   1864 |   1848 |     16 |    147 |   1191 |   2 |  932.0 |
       Dungeon |   1864 |   1848 |     16 |    147 |   1191 |   2 |  932.0 |
               +--------+--------+--------+--------+--------+-----+--------+

Top non-repeatable levels by time:
     D:2: 1247 daAuts
     D:1: 617 daAuts
